 Dungeon Crawl Stone Soup version 0.31.0-9-g3a7656b989 (webtiles) character file.

Game seed: 10983368675134772248

581 MackTheKnife the Ruffian (level 7, -7/55 HPs)
             Began as a Naga Shapeshifter on Jan 24, 2024.
             Was a Follower of Hepliaklqana.
             Mangled by a gnoll sergeant
             ... wielding a +0 spear
              (12 damage)
             ... on level 5 of the Dungeon.
             The game lasted 00:05:36 (4763 turns).

MackTheKnife the Ruffian (Naga Shapeshifter)        Turns: 4763, Time: 00:05:37

Health: -7/55      AC:  3    Str: 16    XL:     7   Next: 36%
Magic:  7/7        EV: 10    Int: 10    God:    Hepliaklqana [*.....]
Gold:   210        SH:  0    Dex: 13    Spells: 6/6 levels left

rFire   . .          .
                       - Unarmed
rCold   . . .        (no shield)
rNeg    . . .        a - +0 animal skin
rPois   +            (helmet currently unavailable)
rElec   .            (cloak currently unavailable)
rCorr   +            (gloves currently unavailable)
SInv    +            (no barding)
Will    .....        (no amulet)
Stlth   +++          i - ring of resist corrosion
HPRegen 0.29/turn    (no ring)
MPRegen 0.10/turn

%: no passive effects
@: beast-form, very slow
A: beast (slay +1), reduced essence, AC +2, large, see invisible, deformed body,
poison resistance, slowness 2, spit poison 1, naga tail 1
a: Spit Poison, Begin Untransformation, Renounce Religion, Recall Ancestor,
Ancestor Identity


You were on level 5 of the Dungeon.
You worshipped Hepliaklqana.
Hepliaklqana was aware of your devotion.
You were a hulking beast.
You visited 1 branch of the dungeon, and saw 5 of its levels.

You collected 210 gold pieces.


Innate Abilities, Weirdness & Mutations

You are a hulking beast.
Your limbs bulge with bestial killing power. (Slay +1)
Your life essence is reduced to manifest your ancestor. (-10% HP)
Your serpentine skin is tough. (AC +2)
You have supernaturally acute eyesight. (SInv)
Armour fits poorly on your strangely shaped body.
Your system is resistant to poisons. (rPois)
You cover ground very slowly.
You can spit poison.
You have a snake-like lower body.


   Skills:
 - Level 3.0 Fighting
 - Level 1.5 Dodging
 - Level 5.0 Stealth
 + Level 6.9 Unarmed Combat
 - Level 3.0 Shapeshifting


You had 6 spell levels left.
You didn't know any spells.
Your spell library contained the following spells:

 Spells                   Type           Power      Damage    Failure   Level
 Ensorcelled Hibernation  Hex/Ice        0%         N/A       50%         2
 Scorch                   Fire           0%         2d5       50%         2
 Fugue of the Fallen      Necr           0%         N/A       75%         3
 Anguish                  Hex/Necr       0%         N/A       98%         4
 Flame Wave               Conj/Fire      0%         2d4       98%         4
 Summon Cactus Giant      Summ           0%         N/A       100%        6

Inventory:

Missiles
 p - 5 poisoned darts {throwing}
Armour
 a - a +0 animal skin (worn)
 t - a +0 cloak
   (You found it on level 3 of the Dungeon)
Jewellery
 i - a ring of resist corrosion (left hand)
   (You found it on level 2 of the Dungeon)
Talismans
 c - a beast talisman
 d - a flux talisman
Scrolls
 g - 3 scrolls of teleportation {@r4}
 k - 2 scrolls of fog
 l - a scroll of poison {unknown}
 m - a scroll of noise {unknown}
 n - a scroll of silence {unknown}
 o - 2 scrolls of amnesia {unknown}
 r - a scroll of acquirement {unknown}
 u - a scroll of blinking {unknown}
 v - a scroll of immolation {unknown}
 y - 2 scrolls of fear {unknown}
 z - a scroll of revelation {unknown}
 A - a scroll of enchant armour {unknown}
 B - a scroll of identify {@r1}
Potions
 b - 2 potions of lignification {!q}
 e - 2 potions of enlightenment
 f - 2 potions of mutation {!q}
 h - 2 potions of haste {@q3}
 j - a potion of invisibility {unknown}
 q - a potion of attraction {unknown}
 s - a potion of curing {@q1}
 w - a potion of heal wounds {unknown}
 x - a potion of ambrosia {unknown}

Dungeon Overview and Level Annotations

Branches:
Dungeon (5/15) Zot: 24020  Temple (0/1) D:5

Altars:
Hepliaklqana
Nemelex Xobeh

Annotations:
D:5 3 runed translucent doors, Millikuen's ghost, novice MiMo

.#.#.#.#.#.#.#.#..#..
...#.#.#.#.#.#.#.#...#..
....#.#.#.#.#.#.#.†..#..
#....#.#.#.#.#.#....##<.
#....#.#.#.#.#.....##..
#....#.#.#.#....#.##..
####...g#.#.#.......##..
.......gg#.#....######..
#...hR.#....## ###
##.........##
####.....## #######


You could see the friendly Flugkiller the ancestor, a gnoll sergeant (ally
target) and 2 gnolls.


Message History

The orc priest hits Flugkiller with a +0 hand axe.
Flugkiller hits the orc priest.
The orc priest barely misses Flugkiller.
Flugkiller hits the orc priest.
The orc priest dies!
Aiming: Spit Poison (1% risk of failure)
Press: ? - help, Shift-Dir - straight line, f - iguana
Aim: an iguana (65% to hit)
The splash of poison hits the iguana but does no damage. 😮 HP[+1]
The iguana bites you but does no damage.
You hit the iguana. The iguana barely misses you.
You hit the iguana but do no damage. The iguana bites you. 😮 HP[-2]
You take 2 damage, and now have 30/55 hp.
You hit the iguana.
Flugkiller hits the iguana.
You punch the iguana!
You kill the iguana!
You swap places.
You have got your breath back.
You see here an iguana corpse.
You swap places. 😮 HP[+1] 😮 HP[+1] 😮 HP[+1]
You start resting. 😎 HP[+22]
Your hp is fully restored (55).
You swap places.
You see here an iguana corpse.
Key pressed, stopping explore.
Items here: )) [ †.
Key pressed, stopping explore.
A dart slug is nearby!
A dart slug is nearby!
A dart slug is nearby!
A dart slug is nearby!
A dart slug is nearby!
Flugkiller hits the dart slug.
The dart slug misses Flugkiller.
Flugkiller hits the dart slug.
You swap places.
The dart slug bites you but does no damage.
You hit the dart slug.
You punch the dart slug, but do no damage.
Flugkiller hits the dart slug!
The dart slug dies!
No target in view!
A gnoll is nearby!
A gnoll is nearby!
A gnoll is nearby!
A gnoll sergeant is nearby!
A gnoll sergeant is nearby!
The splash of poison hits the gnoll sergeant.
The gnoll sergeant is poisoned.
The gnoll sergeant closely misses you.
Flugkiller hits the gnoll sergeant but does no damage.
The gnoll sergeant hits you with a +0 spear. 😕 HP[-5]
You take 5 damage, and now have 50/55 hp.
You hit the gnoll sergeant.
Flugkiller hits the gnoll sergeant but does no damage.
You hit the gnoll sergeant. The gnoll sergeant closely misses you.
Flugkiller closely misses the gnoll sergeant. 😕 HP[+1]
You barely miss the gnoll sergeant. Your punch misses the gnoll sergeant.
The gnoll sergeant hits you with a +0 spear!
Flugkiller misses the gnoll sergeant. 😕 HP[-7]
You take 7 damage, and now have 44/55 hp.
You hit the gnoll sergeant but do no damage.
You punch the gnoll sergeant, but do no damage.
The gnoll hits you but does no damage. The gnoll sergeant barely misses you.
Flugkiller hits the gnoll sergeant.
You barely miss the gnoll sergeant.
The gnoll sergeant looks more healthy.
The gnoll barely misses you. The gnoll sergeant closely misses you.
Flugkiller misses the gnoll sergeant.
You hit the gnoll sergeant but do no damage.
You have got your breath back.
The gnoll hits you from afar with a +0 halberd.
The gnoll sergeant hits you with a +0 spear!
Flugkiller hits the gnoll sergeant but does no damage. 😮 HP[-13]
You take 13 damage, and now have 31/55 hp.
MASSIVE DAMAGE!! (PAUSE)
You completely miss the gnoll sergeant.
The gnoll hits you with a +0 short sword.
* * * LOW HITPOINT WARNING * * *
The gnoll hits you from afar with a +0 halberd!
* * * LOW HITPOINT WARNING * * *
The gnoll sergeant misses you. 😨 HP[-14]
You take 14 damage, and now have 17/55 hp.
MASSIVE DAMAGE!! (PAUSE)
You barely miss the gnoll sergeant.
Flugkiller barely misses the gnoll sergeant.
The gnoll hits you but does no damage.
The gnoll hits you from afar with a +0 halberd!
* * * LOW HITPOINT WARNING * * *
The gnoll sergeant hits you with a +0 spear!
You die...

Skill      XL: |  1  2  3  4  5  6 |
---------------+-------------------+-----
Stealth        | 2 4 5 |  5.0
Fighting       | 2 3 |  3.0
Unarmed Combat | 4 6 |  6.9
Dodging        | |  1.5
Shapeshifting  | |  3.0

Action                     |  1- 3 |  4- 6 |  7- 9 || total
---------------------------+-------+-------+-------++-------
  Melee: Unarmed           |    70 |    44 |    15 ||   129
         Punch             |     1 |     2 |     2 ||     5
  Throw: Dart              |       |     2 |       ||     2
 Invoke: Ancestor Identity |       |     1 |       ||     1
         Recall Ancestor   |       |       |     1 ||     1
Ability: Spit Poison       |    23 |    21 |     5 ||    49
    Use: Scroll            |     3 |     3 |     1 ||     7
   Stab: Sleeping          |       |     3 |       ||     3
 Armour: Animal skin       |    51 |    32 |    18 ||   101
  Dodge: Dodged            |    34 |    11 |     9 ||    54

Levels and vault maps discovered:
D:1:      minmay_arrival_stair_chambers, layout_rooms,
          chequers_ecumenical_altar_twisty
D:2:      layout_rooms
D:3:      layout_basic, worldfamousw_hep_ancestral_shrine, due_unseen_surprise,
          uniq_terence
D:4:      layout_loops_ring
D:5:      layout_loops_ring, nicolae_overflow_hidden_temple, temple_statues,
          gammafunk_ghost_icy, nicolae_the_louvre

Notes
Turn   | Place    | Note
-------+----------+-------------------------------------------
     0 | D:1      | MackTheKnife the Naga Shapeshifter began the quest for the
                  | Orb.
     0 | D:1      | Reached XP level 1. HP: 18/18 MP: 1/1
     0 | D:1      | magus.rc [v1.9.6]
    31 | D:1      | Reached skill level 1 in Stealth
   116 | D:1      | Found a faded altar of an unknown god.
   169 | D:1      | Reached skill level 2 in Stealth
   232 | D:1      | Reached XP level 2. HP: 25/25 MP: 2/2
   283 | D:1      | Reached skill level 3 in Stealth
   731 | D:2      | Reached skill level 4 in Stealth
   803 | D:2      | Reached XP level 3. HP: 24/31 MP: 3/3
  1022 | D:2      | Reached skill level 5 in Stealth
  1520 | D:3      | Reached XP level 4. HP: 27/39 MP: 4/4
  1566 | D:3      | Noticed Terence
  1578 | D:3      | Killed Terence
  1579 | D:3      | Reached skill level 2 in Fighting
  1843 | D:3      | You pick up a book of Scorching and begin reading...
  1843 | D:3      | You add the spells Scorch, Flame Wave and Summon Cactus
                  | Giant to your library.
  1870 | D:3      | Found a hazy altar of Hepliaklqana.
  1875 | D:3      | Became a worshipper of Hepliaklqana the Forgotten
  2464 | D:4      | Reached XP level 5. HP: 43/46 MP: 5/5
  2609 | D:4      | Reached * piety under Hepliaklqana
  2644 | D:4      | You pick up a book of Dreams and begin reading...
  2644 | D:4      | You add the spells Ensorcelled Hibernation, Fugue of the
                  | Fallen and Anguish to your library.
  2834 | D:4      | Reached skill level 4 in Unarmed Combat
  2964 | D:4      | Reached skill level 3 in Fighting
  3347 | D:5      | Entered Level 5 of the Dungeon
  3350 | D:5      | Reached XP level 6. HP: 50/50 MP: 6/6
  3401 | D:5      | Reached skill level 5 in Unarmed Combat
  3679 | D:5      | Reached skill level 6 in Unarmed Combat
  4044 | D:5      | Found a runed translucent gate.
  4044 | D:5      | Found a runed translucent gate.
  4044 | D:5      | Found a runed translucent gate.
  4057 | D:5      | Found a staircase to the Ecumenical Temple.
  4108 | D:5      | Reached XP level 7. HP: 48/55 MP: 7/7
  4175 | D:5      | Noticed Millikuen's ghost (novice MiMo)
  4534 | D:5      | Found a sparkling altar of Nemelex Xobeh.
  4763 | D:5      | HP: 5/55 [gnoll/+0 halberd[a gnoll sergeant] (12)]
  4763 | D:5      | Mangled by a gnoll sergeant

Vanquished Creatures
  A scorpion (D:5)
  2 bombardier beetles
  A hound (D:4)
  An iguana (D:5)
  Terence (D:3)
  2 gnolls (D:5)
  4 adders
  A ribbon worm (D:2)
  4 dart slugs
  2 orcs
  5 bats
  2 endoplasms
  3 giant cockroaches
  3 goblins
  A hobgoblin (D:1)
  2 jackals (D:3)
  4 quokkas
  5 ball pythons
  3 frilled lizards
  3 kobolds
  2 rats
52 creatures vanquished.

Vanquished Creatures (collateral kills)
  3 bombardier beetles (D:5)
  A jelly (D:4)
  2 orc priests (D:5)
  3 iguanas
  A dart slug (D:5)
10 creatures vanquished.

Vanquished Creatures (others)
  3 ancestors (D:5)
3 creatures vanquished.

Grand Total: 65 creatures vanquished

Table legend:
 A = Non-vault XP
 B = Vault XP
 C = Vault XP percentage of total XP
 D = Non-vault monster count
 E = Vault monster count
 F = Vault count percentage of total count
                 A         B        C        D         E       F
            +---------+---------+-------+---------+---------+-------
      Total |     794 |      36 |   4.3 |      61 |       1 |   1.6
            +---------+---------+-------+---------+---------+-------
        D:1 |      29 |       0 |   0.0 |      17 |       0 |   0.0
        D:2 |      45 |       0 |   0.0 |      10 |       0 |   0.0
        D:3 |      54 |      36 |  40.0 |       7 |       1 |  12.5
        D:4 |     152 |       0 |   0.0 |      12 |       0 |   0.0
        D:5 |     514 |       0 |   0.0 |      15 |       0 |   0.0
            +---------+---------+-------+---------+---------+-------

Skill      XL: |  1  2  3  4  5  6 |
---------------+-------------------+-----
Stealth        | 2 4 5 |  5.0
Fighting       | 2 3 |  3.0
Unarmed Combat | 4 6 |  6.9
Dodging        | |  1.5
Shapeshifting  | |  3.0

Action                     |  1- 3 |  4- 6 |  7- 9 || total
---------------------------+-------+-------+-------++-------
  Melee: Unarmed           |    70 |    44 |    15 ||   129
         Punch             |     1 |     2 |     2 ||     5
  Throw: Dart              |       |     2 |       ||     2
 Invoke: Ancestor Identity |       |     1 |       ||     1
         Recall Ancestor   |       |       |     1 ||     1
Ability: Spit Poison       |    23 |    21 |     5 ||    49
    Use: Scroll            |     3 |     3 |     1 ||     7
   Stab: Sleeping          |       |     3 |       ||     3
 Armour: Animal skin       |    51 |    32 |    18 ||   101
  Dodge: Dodged            |    34 |    11 |     9 ||    54

Illustrated notes

Table legend:
 A = Kills in this place as a percentage of kills in the entire game.
 B = Kills by you in this place as a percentage of kills by you in the entire game.
 C = Kills by friends in this place as a percentage of kills by friends in the entire game.
 D = Other kills in this place as a percentage of other kills in the entire game.
 E = Experience gained in this place as a percentage of experience gained in the entire game.
 F = Experience gained in this place divided by the number of levels of this place that you have seen.
                   A       B       C       D       E      F
               +-------+-------+-------+-------+-------+----------------------
         Total | 100.0 | 100.0 | 100.0 |   N/A | 100.0 | 166.0
       Dungeon | 100.0 | 100.0 | 100.0 |   N/A | 100.0 | 166.0
               +-------+-------+-------+-------+-------+----------------------

Table legend: (Time is in decaauts)
 A = Elapsed time spent in this place.
 B = Non-inter-level travel time spent in this place.
 C = Inter-level travel time spent in this place.
 D = Time resting spent in this place.
 E = Time spent auto-exploring this place.
 F = Levels seen in this place.
 G = Mean time per level.
                   A        B        C        D        E       F      G
               +--------+--------+--------+--------+--------+-----+--------+
         Total |   5978 |   5812 |    166 |   1109 |   4006 |   5 | 1195.6 |
       Dungeon |   5978 |   5812 |    166 |   1109 |   4006 |   5 | 1195.6 |
               +--------+--------+--------+--------+--------+-----+--------+

Top non-repeatable levels by time:
     D:5: 1703 daAuts
     D:3: 1417 daAuts
     D:4: 1173 daAuts
     D:1: 896 daAuts
     D:2: 788 daAuts
